 Dungeon Crawl Stone Soup version 0.27.1-15-g792fb953b9 (webtiles) character file.

Game seed: 5622951650566106606

62 Araneus the Cudgeller (level 3, -6/29 HPs)
             Began as a Demonspawn Fighter on Nov 20, 2021.
             Mangled by a gnoll (11 damage)
             ... on level 2 of the Dungeon.
             The game lasted 00:03:06 (2004 turns).

Araneus the Cudgeller (Demonspawn Fighter)          Turns: 2004, Time: 00:03:06

Health: -6/29      AC: 10    Str: 17    XL:     3   Next: 85%
Magic:  0/3        EV:  4    Int:  9    God:
Gold:   61         SH:  8    Dex: 12    Spells: 2/2 levels left

rFire    . . .     SeeInvis .   a - +0 flail
rCold    . . .     Faith    .   c - +0 kite shield
rNeg     . . .     Spirit   +   e - +0 chain mail
rPois    .         Reflect  .   (no helmet)
rElec    .         Harm     .   (no cloak)
rCorr    .         Rampage  .   (no gloves)
Will     .....                  (no boots)
Stlth    ..........             g - amulet of guardian spirit
HPRegen  0.09/turn              (no ring)
MPRegen  0.08/turn              (no ring)

@: no status effects
A: claws 1, molten scales 1
a: no special abilities


You were on level 2 of the Dungeon.
You visited 1 branch of the dungeon, and saw 2 of its levels.

You collected 61 gold pieces.

Inventory:

Hand Weapons
 a - a +0 flail (weapon)
Armour
 c - a +0 kite shield (worn)
 e - a +0 chain mail (worn)
Jewellery
 g - an amulet of guardian spirit (around neck)
Scrolls
 b - 2 scrolls of identify {unknown}
Potions
 d - a potion of might
 f - a potion of brilliance {unknown}
 h - a potion of lignification {unknown}


   Skills:
 - Level 3.0 Fighting
 + Level 3.8 Maces & Flails
 - Level 2.6 Armour
 - Level 2.6 Shields


You had 2 spell levels left.
You didn't know any spells.
Your spell library contained the following spells:

 Spells                   Type           Power      Damage    Failure   Level
 Animate Skeleton         Necr           0%         N/A       100%        1
 Apportation              Tloc           0%         N/A       100%        1
 Corona                   Hex            0%         N/A       100%        1
 Summon Small Mammal      Summ           0%         N/A       100%        1


Dungeon Overview and Level Annotations

Branches:
Dungeon (2/15)

Altars:


Innate Abilities, Weirdness & Mutations

You have sharp fingernails.
You are partially covered in molten scales. (AC +2)


Message History

You feel sick.
You are no longer poisoned.
Things that are here:
a +0 mace; a gnoll corpse You start resting.
A quokka skeleton is nearby!
A quokka skeleton is nearby!
You are too injured to fight recklessly!
You are too injured to fight recklessly!
You are too injured to fight recklessly!
Things that are here:
a +0 mace; a gnoll corpse You barely miss the quokka skeleton.
The quokka skeleton bites you but does no damage.
You block the quokka skeleton's attack.
You completely miss the quokka skeleton.
The quokka skeleton bites you.
You sock the quokka skeleton!
You destroy the quokka skeleton!
You start resting.
A gnoll comes into view. It is wielding a +0 flail.
Things that are here:
a +0 mace; a gnoll corpse You hit the gnoll.
The gnoll is heavily wounded.
The gnoll barely misses you.
A gnoll comes into view. It is wielding a +0 flail.
The gnoll shouts!
You hit the gnoll but do no damage.
The gnoll is heavily wounded.
The gnoll hits you but does no damage. You block the gnoll's attack.
You closely miss the gnoll.
The gnoll is moderately wounded.
The gnoll hits you with a +0 flail!
You hit the gnoll but do no damage.
The gnoll is moderately wounded.
The gnoll hits you with a +0 flail!
* * * LOW HITPOINT WARNING * * *
The gnoll hits you with a +0 flail!
You die...

.........# # ### ########(#
# #...#### ########.# #
###....^. .........# #
##...#...# ########.# #
.........# #.# # ##.......#
#.# # ........############.#
# .#........gg@........# #
#......#####################
####...# .......<. ###.#
######### #.# ... #.# #.#


You could see 2 gnolls.

Vanquished Creatures
  A gnoll (D:2)
  An adder (D:2)
  A worm (D:2)
  2 dart slugs (D:2)
  An endoplasm (D:1)
  2 giant cockroaches
  4 goblins
  3 hobgoblins (D:1)
  7 kobolds
  A quokka (D:1)
  3 ball pythons
  2 bats
  A jackal skeleton (D:2)
  A jackal zombie (D:2)
  A quokka skeleton (D:2)
  7 rats
38 creatures vanquished.

Vanquished Creatures (others)
  2 withered plants (D:2)
2 creatures vanquished.

Grand Total: 40 creatures vanquished

Notes
Turn   | Place    | Note
-------+----------+-------------------------------------------
     0 | D:1      | Araneus the Demonspawn Fighter began the quest for the Orb.
     0 | D:1      | Reached XP level 1. HP: 18/18 MP: 1/1
   444 | D:1      | Gained mutation: You have sharp fingernails. [demonic
                  | ancestry]
   444 | D:1      | Reached XP level 2. HP: 21/24 MP: 2/2
   907 | D:1      | Noticed a golden eye
  1022 | D:1      | Found a faded altar of an unknown god.
  1024 | D:1      | Noticed a golden eye
  1024 | D:1      | Noticed a great orb of eyes
  1024 | D:1      | Noticed a floating eye
  1505 | D:2      | Gained mutation: You are partially covered in molten
                  | scales. (AC +2) [demonic ancestry]
  1505 | D:2      | Reached XP level 3. HP: 29/29 MP: 3/3
  2004 | D:2      | Mangled by a gnoll

Illustrated notes

Levels and vault maps discovered:
D:1:      dpeg_arrival_chambers_temple_mockup, layout_loops_ring,
          hellmonk_ecumenical_altar_watching_god, minmay_nonomino_d4
D:2:      cheibrodos_helix_gallery, layout_loops_ring, serial_shops, shop,
          serial_undead, serial_undead_a, serial_undead_a, serial_undead_b,
          serial_undead_a, serial_undead_c, basic_altar

Skill      XL: |  1  2 |
---------------+-------+-----
Maces & Flails | 2 3 |  3.8
Fighting       | |  3.0
Armour         | |  2.6
Shields        | |  2.6

Action                   || total
-------------------------++-------
Melee: Flail             ||   147
Armor: Scale mail        ||     6
       Chain mail        ||    94
Dodge: Dodged            ||    27
Block: Kite shield       ||    90
